 Dungeon Crawl Stone Soup version 0.28.0-47-ge53b351184 (webtiles) character file.

Game seed: 1539254846495556314

72 issech the Cudgeller (level 4, -2/44 HPs)
             Began as a Troll Monk on May 7, 2022.
             Slain by a scorpion (8 damage)
             ... on level 1 of the Dungeon.
             The game lasted 00:05:13 (1629 turns).

issech the Cudgeller (Troll Monk)                   Turns: 1629, Time: 00:05:14

Health: -2/44      AC:  4    Str: 19    XL:     4   Next: 6%
Magic:  3/3        EV: 10    Int:  6    God:
Gold:   115        SH:  0    Dex: 14    Spells: 3/3 levels left

rFire   . . .      SeeInvis .   a - +0 mace
rCold   . . .      Faith    .   (no shield)
rNeg    . . .      Spirit   .   b - +0 robe
rPois   .          Reflect  .   (helmet restricted)
rElec   .          Harm     .   (no cloak)
rCorr   .          Rampage  .   (gloves unavailable)
Will    .....                   (boots unavailable)
Stlth   ++........              (no amulet)
HPRegen 0.94/turn               (no ring)
MPRegen 0.08/turn               (no ring)

@: no status effects
A: large, unfitting armour, claws 3, regeneration 1, shaggy fur 1, tough skin 1
a: no special abilities


You were on level 1 of the Dungeon.
You visited 1 branch of the dungeon, and saw 2 of its levels.

You collected 115 gold pieces.

Inventory:

Hand Weapons
 a - a +0 mace (weapon)
Missiles
 d - 38 arrows
 e - 107 stones (quivered)
 f - 5 poisoned darts
 h - 22 sling bullets
 i - 18 bolts
Armour
 b - a +0 robe (worn)
Scrolls
 c - 2 scrolls of magic mapping {unknown}
 g - 2 scrolls of fog {unknown}
Potions
 j - a potion of attraction {unknown}


   Skills:
 + Level 2.8 Fighting
 + Level 3.4 Maces & Flails
 + Level 0.3 Throwing
 + Level 3.1 Dodging
 + Level 1.1 Stealth


You had 3 spell levels left.
You didn't know any spells.
Your spell library contained the following spells:

 Spells                   Type           Power      Damage    Failure   Level
 Ignite Poison            Fire/Tmut/Pois 0%         N/A       83%         3
 Mephitic Cloud           Conj/Pois/Air  0%         N/A       83%         3
 Freezing Cloud           Conj/Ice/Air   0%         6-21      100%        5


Dungeon Overview and Level Annotations

Branches:
Dungeon (2/15)

Altars:
Zin

Shops:
D:2 (([!


Innate Abilities, Weirdness & Mutations

You are too large for most types of armour.
You have claws for hands.
Your natural rate of healing is unusually fast.
You are covered in fur. (AC +1)
You have tough skin. (AC +1)


Message History

The scorpion closely misses you. The scorpion stings you.
You are lethally poisoned!
The scorpion poisons you!
You hit the scorpion.
The scorpion is heavily wounded.
* * * LOW HITPOINT WARNING * * *
You feel very sick. The scorpion misses you.
* * * LOW HITPOINT WARNING * * *
You feel very sick.
* * * LOW HITPOINT WARNING * * *
You feel very sick.
The scorpion stings you but does no damage.
* * * LOW HITPOINT WARNING * * *
You feel very sick.
* * * LOW HITPOINT WARNING * * *
You feel sick.
* * * LOW HITPOINT WARNING * * *
You feel sick.
* * * LOW HITPOINT WARNING * * *
You feel sick.
* * * LOW HITPOINT WARNING * * *
You feel sick.
* * * LOW HITPOINT WARNING * * *
You feel sick. The scorpion barely misses you.
* * * LOW HITPOINT WARNING * * *
You feel sick.
* * * LOW HITPOINT WARNING * * *
You feel sick.
* * * LOW HITPOINT WARNING * * *
You feel sick.
You are no longer poisoned.
There is an escape hatch in the ceiling here.
The scorpion closely misses you. A mysterious force pulls you upwards.
The hatch slams shut behind you. The scorpion closely misses you.
You closely miss the scorpion.
The scorpion is heavily wounded.
The scorpion stings you!
You die...

.#.......# ###...#.#
.#.......# ###.#.#
.........##### #...#
#............##### ##..##
......######.....###....#
#####.## #####..##....#
#..###### #####....#
##......########....#
##########......@..#....#
.....#####......s..######
####...............#
#######.........#
#.........# ###########


You could see a scorpion.

Vanquished Creatures
  3 adders (D:2)
  2 dart slugs (D:1)
  3 bats
  3 endoplasms (D:1)
  4 giant cockroaches
  A goblin (D:1)
  6 hobgoblins
  3 kobolds
  2 quokkas
  6 ball pythons
  4 frilled lizards (D:1)
  3 rats
40 creatures vanquished.

Notes
Turn   | Place    | Note
-------+----------+-------------------------------------------
     0 | D:1      | issech the Troll Monk began the quest for the Orb.
     0 | D:1      | Reached XP level 1. HP: 22/22 MP: 0/0
    41 | D:1      | Found a faded altar of an unknown god.
    69 | D:1      | Reached XP level 2. HP: 26/29 MP: 1/1
   344 | D:1      | Reached XP level 3. HP: 35/36 MP: 2/2
   770 | D:2      | Found a glowing silver altar of Zin.
   836 | D:2      | Found Mulumots's Distillery.
   992 | D:2      | Found Duun's Weapon Shop.
  1075 | D:2      | Found Ewuegaf's Antique Armour Shop.
  1095 | D:2      | Found Xumoitaa's Weapon Shoppe.
  1248 | D:2      | Reached XP level 4. HP: 44/44 MP: 3/3
  1574 | D:2      | Noticed a scorpion
  1617 | D:2      | HP: 2/44 [poisoned by a scorpion]
  1622 | D:2      | HP: 1/44 [poisoned by a scorpion]
  1629 | D:1      | Slain by a scorpion

Illustrated notes

Levels and vault maps discovered:
D:1:      eino_arrival_water_cross, layout_rooms, ebering_ecumenical_altar_box,
          minivault_24, kennysheep_pointless_box
D:2:      layout_loops_cross, basic_altar, serial_shops,
          nicolae_shop_bloodbath_and_beyond, nicolae_shop_waterfront,
          nicolae_shop_advertising_works [nicolae_subvault_shop_adworks],
          nicolae_shop_statue_plus, serial_rivers,
          chequers_serial_rivers_small_3, chequers_serial_rivers_small_b,
          chequers_serial_rivers_large_b, chequers_serial_rivers_room_a,
          chequers_serial_rivers_marsh

Skill      XL: |  1  2  3 |
---------------+----------+-----
Maces & Flails | 3 |  3.4
Dodging        | 3 |  3.1
Fighting       | |  2.8
Throwing       | |  0.3
Stealth        | |  1.1

Action                   |  1- 3 |  4- 6 || total
-------------------------+-------+-------++-------
Melee: Mace              |    88 |    21 ||   109
       Punch             |     1 |       ||     1
Throw: Stone             |    13 |       ||    13
 Stab: Sleeping          |     3 |     1 ||     4
Armor: Robe              |    36 |     4 ||    40
Dodge: Dodged            |    65 |    18 ||    83
